Workbook

Sheet Debt Input
A1: Debt Name | B1: Starting Balance | C1: Interest Rate (%) | D1: Minimum Payment | E1: Extra Payment | F1: Total Payment | G1: Interest (Monthly) | H1: Principal Paid | I1: Remaining Balance
F2: =D2+E2 | G2: =B2*(C2/100)/12 | H2: =F2-G2 | I2: =B2-H2
F3: =D3+E3 | G3: =B3*(C3/100)/12 | H3: =F3-G3 | I3: =B3-H3
F4: =D4+E4 | G4: =B4*(C4/100)/12 | H4: =F4-G4 | I4: =B4-H4
F5: =D5+E5 | G5: =B5*(C5/100)/12 | H5: =F5-G5 | I5: =B5-H5
F6: =D6+E6 | G6: =B6*(C6/100)/12 | H6: =F6-G6 | I6: =B6-H6
F7: =D7+E7 | G7: =B7*(C7/100)/12 | H7: =F7-G7 | I7: =B7-H7
F8: =D8+E8 | G8: =B8*(C8/100)/12 | H8: =F8-G8 | I8: =B8-H8
F9: =D9+E9 | G9: =B9*(C9/100)/12 | H9: =F9-G9 | I9: =B9-H9
F10: =D10+E10 | G10: =B10*(C10/100)/12 | H10: =F10-G10 | I10: =B10-H10
F11: =D11+E11 | G11: =B11*(C11/100)/12 | H11: =F11-G11 | I11: =B11-H11
F12: =D12+E12 | G12: =B12*(C12/100)/12 | H12: =F12-G12 | I12: =B12-H12
F13: =D13+E13 | G13: =B13*(C13/100)/12 | H13: =F13-G13 | I13: =B13-H13
... F30: =D30+E30 | G30: =B30*(C30/100)/12 | H30: =F30-G30 | I30: =B30-H30

Sheet Payoff Timeline
A1: Month | B1: Total Balance
A2: 1 | B2: =SUM('Debt Input'!I2:I30)
A3: 2 | B3: =SUM('Debt Input'!I2:I30)
A4: 3 | B4: =SUM('Debt Input'!I2:I30)
A5: 4 | B5: =SUM('Debt Input'!I2:I30)
A6: 5 | B6: =SUM('Debt Input'!I2:I30)
A7: 6 | B7: =SUM('Debt Input'!I2:I30)
A8: 7 | B8: =SUM('Debt Input'!I2:I30)
A9: 8 | B9: =SUM('Debt Input'!I2:I30)
A10: 9 | B10: =SUM('Debt Input'!I2:I30)
A11: 10 | B11: =SUM('Debt Input'!I2:I30)
A12: 11 | B12: =SUM('Debt Input'!I2:I30)
A13: 12 | B13: =SUM('Debt Input'!I2:I30)
A14: 13 | B14: =SUM('Debt Input'!I2:I30)
A15: 14 | B15: =SUM('Debt Input'!I2:I30)
A16: 15 | B16: =SUM('Debt Input'!I2:I30)
A17: 16 | B17: =SUM('Debt Input'!I2:I30)
A18: 17 | B18: =SUM('Debt Input'!I2:I30)
A19: 18 | B19: =SUM('Debt Input'!I2:I30)
A20: 19 | B20: =SUM('Debt Input'!I2:I30)
A21: 20 | B21: =SUM('Debt Input'!I2:I30)
A22: 21 | B22: =SUM('Debt Input'!I2:I30)
A23: 22 | B23: =SUM('Debt Input'!I2:I30)
A24: 23 | B24: =SUM('Debt Input'!I2:I30)
A25: 24 | B25: =SUM('Debt Input'!I2:I30)
A26: 25 | B26: =SUM('Debt Input'!I2:I30)
A27: 26 | B27: =SUM('Debt Input'!I2:I30)
A28: 27 | B28: =SUM('Debt Input'!I2:I30)
A29: 28 | B29: =SUM('Debt Input'!I2:I30)
A30: 29 | B30: =SUM('Debt Input'!I2:I30)
A31: 30 | B31: =SUM('Debt Input'!I2:I30)
A32: 31 | B32: =SUM('Debt Input'!I2:I30)
A33: 32 | B33: =SUM('Debt Input'!I2:I30)
A34: 33 | B34: =SUM('Debt Input'!I2:I30)
A35: 34 | B35: =SUM('Debt Input'!I2:I30)
A36: 35 | B36: =SUM('Debt Input'!I2:I30)
A37: 36 | B37: =SUM('Debt Input'!I2:I30)
A38: 37 | B38: =SUM('Debt Input'!I2:I30)
A39: 38 | B39: =SUM('Debt Input'!I2:I30)
A40: 39 | B40: =SUM('Debt Input'!I2:I30)
A41: 40 | B41: =SUM('Debt Input'!I2:I30)
A42: 41 | B42: =SUM('Debt Input'!I2:I30)
A43: 42 | B43: =SUM('Debt Input'!I2:I30)
A44: 43 | B44: =SUM('Debt Input'!I2:I30)
A45: 44 | B45: =SUM('Debt Input'!I2:I30)
A46: 45 | B46: =SUM('Debt Input'!I2:I30)
A47: 46 | B47: =SUM('Debt Input'!I2:I30)
A48: 47 | B48: =SUM('Debt Input'!I2:I30)
A49: 48 | B49: =SUM('Debt Input'!I2:I30)
A50: 49 | B50: =SUM('Debt Input'!I2:I30)
A51: 50 | B51: =SUM('Debt Input'!I2:I30)
A52: 51 | B52: =SUM('Debt Input'!I2:I30)
A53: 52 | B53: =SUM('Debt Input'!I2:I30)
A54: 53 | B54: =SUM('Debt Input'!I2:I30)
A55: 54 | B55: =SUM('Debt Input'!I2:I30)
A56: 55 | B56: =SUM('Debt Input'!I2:I30)
A57: 56 | B57: =SUM('Debt Input'!I2:I30)
A58: 57 | B58: =SUM('Debt Input'!I2:I30)
A59: 58 | B59: =SUM('Debt Input'!I2:I30)
A60: 59 | B60: =SUM('Debt Input'!I2:I30)
A61: 60 | B61: =SUM('Debt Input'!I2:I30)
A62: 61 | B62: =SUM('Debt Input'!I2:I30)
A63: 62 | B63: =SUM('Debt Input'!I2:I30)
A64: 63 | B64: =SUM('Debt Input'!I2:I30)
A65: 64 | B65: =SUM('Debt Input'!I2:I30)
A66: 65 | B66: =SUM('Debt Input'!I2:I30)
A67: 66 | B67: =SUM('Debt Input'!I2:I30)
A68: 67 | B68: =SUM('Debt Input'!I2:I30)
A69: 68 | B69: =SUM('Debt Input'!I2:I30)
A70: 69 | B70: =SUM('Debt Input'!I2:I30)
A71: 70 | B71: =SUM('Debt Input'!I2:I30)
A72: 71 | B72: =SUM('Debt Input'!I2:I30)
A73: 72 | B73: =SUM('Debt Input'!I2:I30)
A74: 73 | B74: =SUM('Debt Input'!I2:I30)
A75: 74 | B75: =SUM('Debt Input'!I2:I30)
A76: 75 | B76: =SUM('Debt Input'!I2:I30)
A77: 76 | B77: =SUM('Debt Input'!I2:I30)
A78: 77 | B78: =SUM('Debt Input'!I2:I30)
A79: 78 | B79: =SUM('Debt Input'!I2:I30)
A80: 79 | B80: =SUM('Debt Input'!I2:I30)
A81: 80 | B81: =SUM('Debt Input'!I2:I30)
A82: 81 | B82: =SUM('Debt Input'!I2:I30)
A83: 82 | B83: =SUM('Debt Input'!I2:I30)
A84: 83 | B84: =SUM('Debt Input'!I2:I30)
A85: 84 | B85: =SUM('Debt Input'!I2:I30)
A86: 85 | B86: =SUM('Debt Input'!I2:I30)
A87: 86 | B87: =SUM('Debt Input'!I2:I30)
A88: 87 | B88: =SUM('Debt Input'!I2:I30)
A89: 88 | B89: =SUM('Debt Input'!I2:I30)
A90: 89 | B90: =SUM('Debt Input'!I2:I30)
A91: 90 | B91: =SUM('Debt Input'!I2:I30)
A92: 91 | B92: =SUM('Debt Input'!I2:I30)
A93: 92 | B93: =SUM('Debt Input'!I2:I30)
A94: 93 | B94: =SUM('Debt Input'!I2:I30)
A95: 94 | B95: =SUM('Debt Input'!I2:I30)
A96: 95 | B96: =SUM('Debt Input'!I2:I30)
A97: 96 | B97: =SUM('Debt Input'!I2:I30)
A98: 97 | B98: =SUM('Debt Input'!I2:I30)
A99: 98 | B99: =SUM('Debt Input'!I2:I30)
A100: 99 | B100: =SUM('Debt Input'!I2:I30)
...

Sheet Strategy Comparison
A1: Strategy | B1: Total Debt | C1: Monthly Payment
A2: Debt Snowball | B2: =SUM('Debt Input'!B2:B30) | C2: =SUM('Debt Input'!F2:F30)
A3: Debt Avalanche | B3: =SUM('Debt Input'!B2:B30) | C3: =SUM('Debt Input'!F2:F30)

Sheet Dashboard
A1: Debt Payoff Dashboard
A3: Total Debt | B3: =SUM('Debt Input'!B2:B30)
A4: Total Monthly Payment | B4: =SUM('Debt Input'!F2:F30)
A5: Estimated Monthly Interest | B5: =SUM('Debt Input'!G2:G30)
